 Dungeon Crawl Stone Soup version 0.22-a0-458-gb446440 (webtiles) character file.

330 jerryfan the Cutter (level 6, -2/39 HPs)
             Began as a Halfling Gladiator on June 8, 2018.
             Killed from afar by an orc wizard (12 damage)
             ... with a puff of frost
             ... on level 4 of the Dungeon.
             The game lasted 00:10:28 (2998 turns).

jerryfan the Cutter (Halfling Gladiator)            Turns: 2998, Time: 00:10:28

Health: -2/39      AC:  7    Str: 15    XL:     6   Next: 81%
Magic:  6/6        EV: 17    Int:  6    God:
Gold:   166        SH:  4    Dex: 18    Spells: 5/5 levels left

rFire    . . .     SeeInvis .   a - +0 rapier
rCold    . . .     Gourm    .   (shield restricted)
rNeg     . . .     Faith    .   j - +1 leather armour
rPois    .         Spirit   .   c - +0 helmet
rElec    .         Reflect  +   o - +0 cloak
rCorr    .         Harm     .   (no gloves)
MR       .....                  l - +0 pair of boots
Stlth    +++.......             p - +4 amulet of reflection
HPRegen  0.13/turn              (no ring)
MPRegen  0.10/turn              (no ring)

@: no status effects
A: small, mutation resistance 1
a: no special abilities


You were on level 4 of the Dungeon.
You were not hungry.

You visited 1 branch of the dungeon, and saw 4 of its levels.

You collected 166 gold pieces.

Inventory:

Hand Weapons
 a - a +0 rapier (weapon)
Missiles
 g - 37 stones (quivered)
 i - 18 poisoned needles
Armour
 b - a +0 leather armour
 c - a +0 helmet (worn)
 j - a +1 leather armour (worn)
 l - a +0 pair of boots (worn)
 o - a +0 cloak (worn)
 A - a +0 robe
Jewellery
 p - a +4 amulet of reflection (around neck)
Scrolls
 n - a scroll of teleportation
 x - a scroll of magic mapping
 z - a scroll of blinking
Potions
 e - 2 potions of curing
 h - a potion of magic {unknown}
 k - 2 potions of brilliance {unknown}
 m - 3 potions of lignification {unknown}
 s - a potion of degeneration {unknown}
 u - a potion of flight {unknown}
 v - 2 potions of heal wounds {unknown}
 w - a potion of might {unknown}
Comestibles
 d - 7 chunks of flesh
 f - 11 rations


   Skills:
 - Level 1.7 Fighting
 + Level 5.0 Short Blades
 + Level 3.3 Throwing
 + Level 4.6 Dodging
 * Level 4.5 Stealth


You had 5 spell levels left.
You didn't know any spells.
Your spell library was empty.

Dungeon Overview and Level Annotations

Branches:
Dungeon (4/15)
 Temple: D:4-7

Altars:
Ashenzari
Elyvilon
Gozag
Vehumet


Innate Abilities, Weirdness & Mutations

You are small and have problems with some larger weapons.
You are somewhat resistant to further mutation.


Message History

You barely miss the orc wizard.
The orc wizard is lightly wounded.
The orc wizard points at you and mumbles some strange words.
The puff of frost hits you!
You barely miss the orc wizard.
The orc wizard is lightly wounded.
The orc wizard hits you with a dagger.
The orc wizard gestures at you while chanting.
The puff of flame hits you!
* * * LOW HITPOINT WARNING * * *
You barely miss the orc wizard.
The orc wizard is lightly wounded.
The orc wizard misses you.
You aren't carrying any items that you can evoke.
As you read the scroll labeled ICWYISSOLOH, it crumbles to dust.
It is a scroll of enchant armour.
Your +0 leather armour glows green for a moment.
The orc wizard gestures at you while chanting.
The puff of frost hits you!
You die...

#.## ..##
#..# ### ##.#
# ##.##.#
####...#.#
#....#...#
#.##...###
######{###<##
#.....Zo@..#
#.####.#####
#. #. #. ##


You could see an orc wizard and an adder skeleton.

Vanquished Creatures
  A centaur (D:3)
  A howler monkey (D:4)
  An orc wizard (D:4)
  A hound (D:4)
  An iguana (D:4)
  6 adders
  An ooze (D:2)
  A worm (D:2)
  A dart slug (D:3)
  2 leopard geckos
  7 orcs
  3 bats
  3 giant cockroaches
  8 goblins
  5 hobgoblins
  3 jackals (D:3)
  7 kobolds
  4 quokkas
  3 frilled lizards
  4 rats
63 creatures vanquished.

Notes
Turn   | Place    | Note
-------+----------+-------------------------------------------
     0 | D:1      | jerryfan the Halfling Gladiator began the quest for the Orb.
     0 | D:1      | Reached XP level 1. HP: 14/14 MP: 1/1
   484 | D:1      | Reached XP level 2. HP: 19/19 MP: 2/2
   501 | D:1      | Reached skill level 1 in Stealth
   934 | D:2      | Reached XP level 3. HP: 24/24 MP: 3/3
  1123 | D:2      | Reached skill level 4 in Short Blades
  1143 | D:2      | Reached XP level 4. HP: 23/29 MP: 4/4
  1673 | D:3      | Found a shattered altar of Ashenzari.
  1673 | D:3      | Noticed a centaur
  2046 | D:3      | Killed a centaur
  2046 | D:3      | Reached XP level 5. HP: 15/34 MP: 5/5
  2441 | D:3      | Found a white marble altar of Elyvilon.
  2441 | D:3      | Found a radiant altar of Vehumet.
  2441 | D:3      | Found an opulent altar of Gozag.
  2826 | D:4      | Reached XP level 6. HP: 39/39 MP: 6/6
  2986 | D:4      | Reached skill level 5 in Short Blades
  2998 | D:4      | Killed from afar by an orc wizard

Vault maps used:
D:1:      dpeg_arrival_more_subterranean_lakeside_camping,
          corexii_leaking_fountain
D:3:      evilmike_ruin_ashenzari, gammafunk_temple_overflow_forgotten
D:4:      temple_statues, elyvilon_altar_4

Skill      XL: |  1  2  3  4  5  6 |
---------------+-------------------+-----
Stealth        | 1 2 3 4 |  4.5
Short Blades   | 4 5 |  5.0
Dodging        | 4 |  4.6
Throwing       | 3 |  3.3
Fighting       | |  1.7

Action                   |  1- 3 |  4- 6 || total
-------------------------+-------+-------++-------
Melee: Rapier            |    75 |   160 ||   235
Throw: Throwing net      |     1 |     3 ||     4
  Use: Potion            |     1 |     1 ||     2
       Scroll            |     4 |     4 ||     8
 Stab: Sleeping          |       |     7 ||     7
       Held in net/web   |       |     2 ||     2
  Eat: Chunk             |     1 |     6 ||     7
Armor: Leather armour    |    22 |    21 ||    43
Dodge: Dodged            |    75 |   120 ||   195
Block: Other             |       |     5 ||     5

Table legend:
 A = Spawn XP
 B = Non-spawn XP
 C = Spawn XP percentage of total XP
 D = Spawn monster count
 E = Non-spawn monster count
 F = Spawn count percentage of total count
 G = Total turns spent on level
                    A         B        C        D         E        F      G
               +---------+---------+-------+---------+---------+-------+---------
         Total |       0 |     472 |   0.0 |       0 |      63 |   0.0 |  2998
               +---------+---------+-------+---------+---------+-------+---------
           D:1 |       0 |      17 |   0.0 |       0 |       9 |   0.0 |   805
           D:2 |       0 |      79 |   0.0 |       0 |      21 |   0.0 |  1140
           D:3 |       0 |     171 |   0.0 |       0 |      21 |   0.0 |   837
           D:4 |       0 |     205 |   0.0 |       0 |      12 |   0.0 |   216
               +---------+---------+-------+---------+---------+-------+---------
